[Event "Titled Tuesday Blitz June 13 Late 2023"]
[White "Hnydiuk, Aleksander"]
[Black "Papasimakopoulos, Alexandros"]
[WhiteFideId "1109057"]
[BlackFideId "4244125"]
[WhiteElo "2374"]
[BlackElo "2359"]
[Result "1-0"]
[Round "4"]
[TimeControl "180+2"]
[Date "2023.06.13"]
[WhiteClock "0:00:05"]
[BlackClock "0:00:04"]
[Board "55"]

1. e4 e6 2. d4 d5 3. Nc3 Bb4 4. e5 c5 5. a3 Bxc3+ 6. bxc3 Nc6 7. Qg4 g6 8. h4 h6 9. h5 g5 10. f4 f5 11. exf6 Nxf6 12. Qd1 g4 13. Bd3 Qa5 14. Bg6+ Kf8 15. Bd2 Kg7 16. Ne2 c4 17. f5 exf5 18. O-O Ne7 19. Bf4 Nxg6 20. hxg6 Bd7 21. Be5 Rae8 22. Nf4 Rhf8 23. Nh5+ Kxg6 24. Nxf6 Rxf6 25. Bxf6 Kxf6 26. Qxg4 Qxc3 27. Qh4+ Kg7 28. Rae1 Re3 29. Rxe3 Qxe3+ 30. Kh1 Qg5 31. Qh2 Bc6 32. Qe5+ Qf6 33. Rxf5 Qxe5 34. Rxe5 Kf6 35. Kh2 b5 36. Kg3 a5 37. c3 b4 38. cxb4 axb4 39. axb4 c3 40. Re3 c2 41. Rc3 Ba4 42. Kf4 Ke6 43. b5 Bxb5 44. Rxc2 Bc4 45. Rb2 Kf6 46. Rb6+ Kg7 47. Ke5 h5 48. Rd6 h4 49. Kf4 Kf7 50. Kg4 Ke7 51. Rh6 Bf1 52. Kh3 Kf7 53. Rxh4 Kf6 54. Rh5 Bc4 55. Re5 Kg6 56. Kg3 Kf6 57. Kf4 Bb3 58. g4 Bc4 59. Rf5+ Kg6 60. Ke5 Be2 61. g5 Bc4 62. Kf4 Bb3 63. Rf6+ Kg7 64. Ke5 Bc4 65. Rd6 Bb3 66. Rxd5 Kg6 67. Rb5 Bc4 68. Rc5 Bd3 69. Kf4 Kf7 70. d5 Ke7 71. Rc6 Bf1 72. Re6+ Kf7 73. g6+ Kg7 74. Kg5 Bc4 75. Re7+ Kf8 76. d6 Kg8 77. Kf6 Kf8 78. Rc7 Ke8 79. Rxc4 1-0


[Site "https://www.chess.com"]

[Event "Titled Tuesday Blitz June 13 Late 2023"]
[White "Santos Flores, Alberto"]
[Black "Tanenbaum, Zachary"]
[WhiteFideId "3601234"]
[BlackFideId "2060850"]
[WhiteElo "2235"]
[BlackElo "2207"]
[Result "0-1"]
[Round "4"]
[TimeControl "180+2"]
[Date "2023.06.13"]
[WhiteClock "0:00:15"]
[BlackClock "0:00:18"]
[Board "56"]

1. e4 e5 2. Nf3 Nc6 3. Bc4 Nf6 4. d3 Be7 5. c3 O-O 6. O-O d5 7. exd5 Nxd5 8. Re1 Bg4 9. Nbd2 a6 10. h3 Bh5 11. Bb3 Nb6 12. Ne4 Kh8 13. Ng3 Bxf3 14. Qxf3 f5 15. Qe2 Bd6 16. Be3 Nd7 17. Bd2 Qf6 18. Rf1 Rae8 19. Qh5 g6 20. Qg5 Qxg5 21. Bxg5 Kg7 22. Bd2 Nc5 23. Bc2 a5 24. f4 exf4 25. Bxf4 Bxf4 26. Rxf4 Re3 27. Kf2 Rxd3 28. Bxd3 Nxd3+ 29. Ke3 Nxf4 30. Kxf4 Rd8 31. Re1 Rd2 32. Re2 Rxe2 33. Nxe2 Kf6 34. h4 h6 35. Ng1 g5+ 36. hxg5+ hxg5+ 37. Ke3 Ne5 38. b3 c5 39. Ne2 Nc6 40. Kd3 b5 41. a4 c4+ 42. Kc2 bxa4 43. bxa4 Ke5 44. Kd2 f4 45. Ng1 g4 46. Ne2 Ke4 47. Ng1 Ne7 48. Ne2 Nf5 49. Ng1 Ne3 50. g3 Nf1+ 51. Ke1 Nxg3 0-1


[Site "https://www.chess.com"]

[Event "Titled Tuesday Blitz June 13 Late 2023"]
[White "Koellner, Ruben Gideon"]
[Black "Fisher_TheGalactic"]
[WhiteFideId "12993093"]
[WhiteElo "2314"]
[BlackElo "2708"]
[Result "1-0"]
[Round "4"]
[TimeControl "180+2"]
[Date "2023.06.13"]
[WhiteClock "0:00:07"]
[BlackClock "0:00:00"]
[Board "57"]

1. d4 d5 2. Nf3 e6 3. e3 c5 4. c3 Nc6 5. Nbd2 Nf6 6. Bd3 Bd6 7. O-O O-O 8. dxc5 Bxc5 9. b4 Bd6 10. Bb2 e5 11. e4 Bg4 12. h3 Bh5 13. exd5 Nxd5 14. Qc2 Bg6 15. Bxg6 hxg6 16. Rfd1 Qc7 17. Ne4 Be7 18. b5 Nd4 19. Nxd4 exd4 20. Rxd4 Nf4 21. Qd2 Rfd8 22. g3 Rxd4 23. cxd4 Nd5 24. Rc1 Qd7 25. a4 Qxh3 26. Nc3 Qd7 27. Nxd5 Qxd5 28. Qe2 Bf6 29. Rc5 Qd7 30. Qf3 Re8 31. Kg2 b6 32. Rc2 Rd8 33. Rd2 Qe6 34. d5 Qd6 35. Bxf6 gxf6 36. Qe4 f5 37. Qc4 Rd7 38. Qc8+ Kg7 39. Qc3+ Qf6 40. Qc6 Rd6 41. Qc7 Qe5 42. Qxa7 Qe1 43. Rd4 1-0


[Site "https://www.chess.com"]

[Event "Titled Tuesday Blitz June 13 Late 2023"]
[White "Pakleza, Zbigniew"]
[Black "Rios Escobar, Adan"]
[WhiteFideId "1119290"]
[BlackFideId "3403645"]
[WhiteElo "2410"]
[BlackElo "2489"]
[Result "1-0"]
[Round "4"]
[TimeControl "180+2"]
[Date "2023.06.13"]
[WhiteClock "0:00:06"]
[BlackClock "0:00:02"]
[Board "58"]

1. d4 Nf6 2. Nf3 g6 3. Bf4 Bg7 4. e3 b6 5. h3 Bb7 6. Be2 d6 7. O-O Nbd7 8. Nbd2 O-O 9. Bh2 Qe8 10. c4 Ne4 11. Rc1 c5 12. a3 Ndf6 13. b4 cxd4 14. exd4 Rd8 15. d5 Nxd2 16. Qxd2 Rc8 17. Nd4 Qa4 18. Qe3 Rfe8 19. Nb5 h5 20. Rfe1 Kh7 21. Bf4 Qa6 22. g4 hxg4 23. hxg4 Kg8 24. Kh2 Qa4 25. Kg3 e5 26. Bh6 Bh8 27. Rh1 e4 28. Nxd6 Qd7 29. Nxe8 Rxe8 30. Bg5 Bc8 31. Rxh8+ Kxh8 32. Bxf6+ Kg8 33. Qh6 Qd6+ 34. Qf4 Qxf4+ 35. Kxf4 Bd7 36. Rh1 Bxg4 37. Rh8# 1-0


[Site "https://www.chess.com"]

[Event "Titled Tuesday Blitz June 13 Late 2023"]
[White "Kokoszczynski, Jan"]
[Black "Martinez Ramirez, Lennis"]
[WhiteFideId "1174460"]
[BlackFideId "3509079"]
[WhiteElo "2139"]
[BlackElo "2410"]
[Result "1/2-1/2"]
[Round "4"]
[TimeControl "180+2"]
[Date "2023.06.13"]
[WhiteClock "0:00:08"]
[BlackClock "0:00:08"]
[Board "59"]

1. d4 Nf6 2. c4 e6 3. Nc3 Bb4 4. f3 Bxc3+ 5. bxc3 d5 6. cxd5 exd5 7. e3 O-O 8. Bd3 c5 9. Ne2 b6 10. O-O Ba6 11. Ng3 Re8 12. a3 Bxd3 13. Qxd3 Nc6 14. Ra2 Rc8 15. Re2 Re6 16. Bb2 Na5 17. e4 cxd4 18. cxd4 Nc4 19. Ba1 Qf8 20. e5 Nd7 21. f4 Qxa3 22. Qxa3 Nxa3 23. f5 Rec6 24. Ra2 Nb5 25. Nh5 a5 26. Nf4 Nc3 27. Bxc3 Rxc3 28. Nxd5 Rc2 29. Rxc2 Rxc2 30. e6 Nf6 31. Nxf6+ gxf6 32. Rb1 fxe6 33. fxe6 Rc6 34. d5 Rd6 35. Rb5 a4 36. Kf2 a3 37. Rb3 Rxd5 38. Rxa3 Re5 39. Ra8+ Kg7 40. Ra7+ Kg6 41. e7 Re6 42. Rb7 Kf7 43. e8=Q+ Kxe8 44. Rxh7 b5 45. Rb7 Re5 46. Kf3 Kd8 47. h4 Kc8 48. Rb6 f5 49. h5 Kc7 50. Rf6 b4 51. h6 b3 52. h7 Re8 53. Rxf5 Kc6 54. Rf4 Kc5 55. Rf7 Kc6 56. Rf6+ Kc5 57. Rf5+ Kc4 58. Rf7 b2 59. Rb7 Kc3 60. g4 Rh8 61. g5 Rxh7 62. Rxb2 Kxb2 63. Kf4 Kc3 64. Ke5 Ra7 65. g6 Kc4 66. Kf6 Ra6+ 67. Kf7 Ra7+ 68. Kf6 Ra6+ 69. Kf7 Kd5 70. g7 Ra7+ 71. Kg6 Ra8 72. Kh7 Ra7 73. Kh8 Rxg7 74. Kxg7 1/2-1/2


[Site "https://www.chess.com"]

[Event "Titled Tuesday Blitz June 13 Late 2023"]
[White "Rosen, Eric"]
[Black "Erzhanov, Arman"]
[WhiteFideId "2032562"]
[BlackFideId "4138821"]
[WhiteElo "2331"]
[BlackElo "2138"]
[Result "1-0"]
[Round "4"]
[TimeControl "180+2"]
[Date "2023.06.13"]
[WhiteClock "0:00:50"]
[BlackClock "0:02:18"]
[Board "60"]

1. d4 d6 2. e4 Nf6 3. Nc3 c6 4. a4 e5 5. Nf3 Nbd7 6. h3 Be7 7. Be3 O-O 8. a5 Re8 9. Bc4 h6 10. O-O Qc7 11. Re1 Nf8 12. Qb1 Ng6 13. Qa2 Bf8 14. Rad1 Bd7 15. Bxf7+ Kh7 16. Bxe8 Bxe8 17. dxe5 dxe5 18. a6 b6 19. Qc4 Bf7 20. Nd5 Nxd5 21. exd5 c5 22. Qe4 Kg8 23. d6 Qd8 24. Nxe5 Nxe5 25. Qxe5 Rc8 26. d7 Rc7 27. Qxc7 Qxc7 28. d8=Q Qxd8 29. Rxd8 1-0


[Site "https://www.chess.com"]

[Event "Titled Tuesday Blitz June 13 Late 2023"]
[White "Wieczorek, Oskar"]
[Black "Carlstedt, Jonathan"]
[WhiteFideId "1133950"]
[BlackFideId "24614386"]
[WhiteElo "2418"]
[BlackElo "2333"]
[Result "1-0"]
[Round "4"]
[TimeControl "180+2"]
[Date "2023.06.13"]
[WhiteClock "0:00:08"]
[BlackClock "0:00:10"]
[Board "61"]

1. b3 d5 2. Ba3 Nf6 3. Nf3 Bg4 4. e3 Nbd7 5. h3 Bxf3 6. Qxf3 e5 7. Bxf8 Kxf8 8. g3 Qe7 9. Bg2 c6 10. O-O h5 11. c4 e4 12. Qf4 Qe5 13. Nc3 Qxf4 14. gxf4 Nc5 15. cxd5 cxd5 16. Nb5 Ke7 17. Rfc1 Rhc8 18. Bf1 a6 19. Nd4 g6 20. f3 Ne6 21. Nxe6 Kxe6 22. d3 exf3 23. Kf2 Ne8 24. Kxf3 f5 25. e4 fxe4+ 26. dxe4 dxe4+ 27. Kxe4 Nd6+ 28. Kf3 b5 29. a4 Nf5 30. axb5 axb5 31. Bd3 Nd4+ 32. Ke3 Nxb3 33. Rxc8 Rxa1 34. Rc6+ Ke7 35. Rxg6 b4 36. f5 Nc5 37. Bc4 Re1+ 38. Kd4 b3 39. f6+ Kd7 40. f7 b2 41. f8=Q Rd1+ 42. Kxc5 b1=Q 43. Rg7# 1-0


[Site "https://www.chess.com"]

[Event "Titled Tuesday Blitz June 13 Late 2023"]
[White "Timerkhanov, Alexander"]
[Black "Wizard_of_Odds"]
[WhiteFideId "24177938"]
[WhiteElo "2278"]
[BlackElo "2471"]
[Result "0-1"]
[Round "4"]
[TimeControl "180+2"]
[Date "2023.06.13"]
[WhiteClock "0:00:00"]
[BlackClock "0:00:07"]
[Board "62"]

1. d4 e6 2. Bf4 Nf6 3. e3 b6 4. Nf3 Bb7 5. h3 d6 6. Nbd2 Nbd7 7. Bd3 h6 8. Bh2 c5 9. c3 Be7 10. a4 O-O 11. O-O a6 12. Qe2 Re8 13. Rfe1 Qc7 14. e4 e5 15. d5 Nf8 16. Nc4 b5 17. Ne3 c4 18. Bc2 g6 19. g4 N8d7 20. Nd2 Nc5 21. f4 Bf8 22. fxe5 dxe5 23. Rf1 Bg7 24. Kh1 Qd6 25. Qf3 Re7 26. h4 Rf8 27. axb5 axb5 28. h5 Bc8 29. Ra8 Bd7 30. Rxf8+ Kxf8 31. Ndxc4 bxc4 32. Nxc4 Qa6 33. Nxe5 gxh5 34. gxh5 Nfxe4 35. Ng6+ Ke8 36. Nxe7 Ng5 37. Qf2 Bg4 38. Bd1 Nce4 39. Qe1 Bxd1 40. Qxd1 Kxe7 41. d6+ Kd8 42. d7 Qc6 43. Bc7+ Qxc7 44. Qd3 Qxd7 45. Qxd7+ Kxd7 46. Ra1 Kc6 47. Ra6+ Kb5 48. Ra8 Bxc3 49. bxc3 Nxc3 50. Rh8 Nce4 51. Rxh6 Kc5 52. Rh8 Kd6 53. h6 Ke6 54. Kg2 Kf6 55. Rg8 Nh7 56. Rg7 Neg5 57. Kg3 Nf8 58. Kg4 Nfe6 59. Kh5 Kf5 60. Rg8 f6 61. Rh8 Nf4+ 62. Kh4 Ng6+ 63. Kg3 Nxh8 64. h7 Nxh7 0-1


[Site "https://www.chess.com"]

[Event "Titled Tuesday Blitz June 13 Late 2023"]
[White "Dudzinski, Pawel"]
[Black "benny_aizenberg"]
[WhiteFideId "1117890"]
[WhiteElo "2099"]
[BlackElo "2682"]
[Result "1-0"]
[Round "4"]
[TimeControl "180+2"]
[Date "2023.06.13"]
[WhiteClock "0:00:10"]
[BlackClock "0:00:00"]
[Board "63"]

1. e4 c5 2. Nc3 Nc6 3. g3 Nb8 4. Bg2 Nc6 5. d3 e6 6. Nge2 Nf6 7. O-O Be7 8. h3 O-O 9. d4 cxd4 10. Nxd4 Nxd4 11. Qxd4 d6 12. Rd1 Bd7 13. e5 dxe5 14. Qxe5 Qc8 15. Be3 Bc6 16. Rd3 Bxg2 17. Kxg2 Qc6+ 18. f3 a6 19. Rad1 b5 20. a3 Rab8 21. R1d2 b4 22. axb4 Bxb4 23. Bg5 Be7 24. b3 h6 25. Bf4 Rfc8 26. Ne4 Nd5 27. Rxd5 exd5 28. Qxe7 dxe4 29. Bxb8 exf3+ 30. Kf2 Rxb8 31. Qe3 Re8 32. Qxf3 Qc5+ 33. Kg2 Re1 34. Rf2 Qe7 35. Qa8+ Kh7 36. Qf3 f6 37. h4 Qe5 38. Qf5+ Qxf5 39. Rxf5 Kg6 40. Rc5 f5 41. Kf3 Re6 42. Kf4 Re4+ 43. Kf3 Re6 44. b4 Kf6 45. h5 Kg5 46. g4 g6 47. hxg6 Kf6 48. gxf5 Rb6 49. c3 h5 50. Kf4 Rd6 51. b5 axb5 52. Rxb5 Rc6 53. Rb4 Rxc3 54. Rb6+ Kg7 55. Rb7+ Kg8 56. Kg5 Rg3+ 57. Kf6 1-0


[Site "https://www.chess.com"]

[Event "Titled Tuesday Blitz June 13 Late 2023"]
[White "Manea, Alexandru"]
[Black "Sai Krishna G V"]
[WhiteFideId "1207660"]
[BlackFideId "5028280"]
[WhiteElo "2226"]
[BlackElo "2359"]
[Result "1/2-1/2"]
[Round "4"]
[TimeControl "180+2"]
[Date "2023.06.13"]
[WhiteClock "0:01:16"]
[BlackClock "0:00:27"]
[Board "64"]

1. e4 e5 2. Nc3 Nc6 3. Nf3 Nf6 4. h3 Bb4 5. Bd3 O-O 6. a3 Bxc3 7. dxc3 d5 8. exd5 Qxd5 9. Be2 e4 10. Qxd5 Nxd5 11. Nd4 Ne5 12. c4 Nb6 13. b3 Bd7 14. Bb2 Rad8 15. O-O-O Rfe8 16. Rhe1 f5 17. c5 Nd5 18. g3 c6 19. b4 Kf7 20. Nb3 Ng6 21. Na5 Bc8 22. Nc4 b5 23. Nd6+ Rxd6 24. cxd6 Rd8 25. c4 bxc4 26. Bxc4 Rxd6 27. b5 Be6 28. Kb1 cxb5 29. Bxd5 Rxd5 30. Rxd5 Bxd5 31. Rd1 Ne7 32. Bd4 Bc4 33. Bxa7 Nd5 34. Kb2 Ke6 35. Be3 h6 36. h4 Nxe3 37. fxe3 g5 38. hxg5 hxg5 39. Kc3 f4 40. exf4 gxf4 41. gxf4 Kf5 42. a4 Kxf4 43. Kb4 e3 44. axb5 e2 45. Rc1 Bxb5 46. Kxb5 Ke3 47. Kc4 Kd2 48. Ra1 e1=Q 49. Rxe1 Kxe1 1/2-1/2


[Site "https://www.chess.com"]

[Event "Titled Tuesday Blitz June 13 Late 2023"]
[White "Martins, Bruno Andre Leite"]
[Black "Ammar, Sedrani"]
[WhiteFideId "1942255"]
[BlackFideId "9312331"]
[WhiteElo "2241"]
[BlackElo "2115"]
[Result "1-0"]
[Round "4"]
[TimeControl "180+2"]
[Date "2023.06.13"]
[WhiteClock "0:00:15"]
[BlackClock "0:00:08"]
[Board "65"]

1. e4 e6 2. d4 d5 3. Nd2 c5 4. Ngf3 Nc6 5. exd5 exd5 6. Bb5 Nf6 7. Qe2+ Be7 8. dxc5 O-O 9. Nb3 Re8 10. Be3 Ng4 11. O-O-O Nxe3 12. Qxe3 a6 13. Bxc6 bxc6 14. Rhe1 Bg4 15. Qf4 Bxf3 16. Qxf3 a5 17. Nd4 Qc7 18. Qg3 Qxg3 19. hxg3 Bxc5 20. Rxe8+ Rxe8 21. Nxc6 Bxf2 22. Rxd5 Bxg3 23. Nxa5 g6 24. Nc6 Re1+ 25. Kd2 Rg1 26. a4 Rxg2+ 27. Kd3 h5 28. a5 h4 29. a6 Bf2 30. Nd4 Rg1 31. a7 Ra1 32. Rd8+ Kg7 33. a8=Q Rxa8 34. Rxa8 h3 35. Ra1 g5 36. Rh1 g4 37. b4 g3 38. Rxh3 g2 39. Nf3 Kg6 40. Ke2 Ba7 41. Rg3+ Kf5 42. Rxg2 Ke6 43. Kd3 f6 44. c4 1-0


[Site "https://www.chess.com"]

[Event "Titled Tuesday Blitz June 13 Late 2023"]
[White "Kaplan, Avi Harrison"]
[Black "Bellahcene, Bilel"]
[WhiteFideId "30934559"]
[BlackFideId "696358"]
[WhiteElo "1983"]
[BlackElo "2552"]
[Result "0-1"]
[Round "4"]
[TimeControl "180+2"]
[Date "2023.06.13"]
[WhiteClock "0:00:02"]
[BlackClock "0:01:25"]
[Board "66"]

1. g3 d5 2. Bg2 Nc6 3. c4 d4 4. Bxc6+ bxc6 5. f4 h5 6. Nf3 Bg4 7. Ne5 Nf6 8. Nxc6 Qd6 9. Ne5 h4 10. Qa4+ Bd7 11. Nxd7 Nxd7 12. Rg1 hxg3 13. hxg3 Rh2 14. d3 Qe6 15. Qc2 g5 16. Na3 a6 17. fxg5 Ne5 18. Kd1 Ng4 19. Bf4 Bg7 20. Re1 c5 21. Qa4+ Kf8 22. Kd2 Kg8 23. Qd1 Qb6 24. Kc2 e5 25. Bd2 Rb8 26. b3 e4 27. Rh1 exd3+ 28. Kb2 Rxe2 29. Rh4 Ne3 30. Qc1 Qb4 31. Nb1 Nxc4+ 32. Qxc4 Qxc4 33. Ka3 Qb5 34. Rf4 c4 35. g6 Bf8+ 36. b4 Rxd2 37. gxf7+ Kg7 38. Rg4+ Kf6 39. Rf4+ Ke5 40. Re4+ Kd5 41. Nc3+ dxc3 42. Rxc4 Kxc4 43. Rb1 Qa5# 0-1


[Site "https://www.chess.com"]

[Event "Titled Tuesday Blitz June 13 Late 2023"]
[White "QuiesPrecatio"]
[Black "Kucuksari, Kaan"]
[BlackFideId "6380166"]
[WhiteElo "2451"]
[BlackElo "2364"]
[Result "0-1"]
[Round "4"]
[TimeControl "180+2"]
[Date "2023.06.13"]
[WhiteClock "0:01:02"]
[BlackClock "0:00:34"]
[Board "67"]

1. Nf3 g6 2. g3 Bg7 3. Bg2 e5 4. c4 Ne7 5. O-O O-O 6. Nc3 c6 7. d4 exd4 8. Nxd4 d6 9. e4 Nd7 10. Be3 Ne5 11. b3 Ng4 12. Bc1 Qb6 13. Nce2 c5 14. h3 cxd4 15. hxg4 d3 16. Qxd3 Bxa1 17. Be3 Qc7 18. Rxa1 Bxg4 19. Nf4 Be6 20. Bd4 Nc6 21. Bb2 Ne5 22. Qd4 Qb6 23. Qd2 Rad8 24. Bd4 Qa6 25. Nd5 Bxd5 26. exd5 b6 27. f4 Nd7 28. Bb2 Rde8 29. Qc3 f6 30. Bh3 Nc5 31. b4 Na4 32. b5 Qb7 33. Qb4 Nxb2 34. Qxb2 f5 35. g4 Re4 36. gxf5 gxf5 37. Bxf5 Rxf5 38. Qg2+ Qg7 0-1


[Site "https://www.chess.com"]

[Event "Titled Tuesday Blitz June 13 Late 2023"]
[White "Lalanne, Pablo"]
[Black "Katz, Alexander"]
[WhiteFideId "112151"]
[BlackFideId "2039796"]
[WhiteElo "2120"]
[BlackElo "2389"]
[Result "0-1"]
[Round "4"]
[TimeControl "180+2"]
[Date "2023.06.13"]
[WhiteClock "0:00:16"]
[BlackClock "0:00:54"]
[Board "68"]

1. e4 c6 2. d4 d5 3. Nd2 dxe4 4. Nxe4 Nf6 5. Nxf6+ exf6 6. c3 Bd6 7. Bd3 O-O 8. Qc2 h5 9. Bd2 Re8+ 10. Ne2 Nd7 11. O-O-O Nf8 12. Kb1 b5 13. h3 Be6 14. f4 Bd5 15. Rhg1 h4 16. g4 g6 17. Ka1 a5 18. Be1 a4 19. Bxh4 Bb3 20. Qd2 Bxd1 21. Qxd1 a3 22. b3 b4 23. c4 c5 24. Bf2 cxd4 25. Bxd4 Bxf4 26. Bc5 Qc7 27. Bxb4 Rad8 28. Bxa3 Qa7 29. Bxf8 Rxe2 30. Bxe2 Rxd1+ 31. Rxd1 Kxf8 0-1


[Site "https://www.chess.com"]

[Event "Titled Tuesday Blitz June 13 Late 2023"]
[White "Arabidze, Meri"]
[Black "Buchenau, Frank"]
[WhiteFideId "13604040"]
[BlackFideId "4604350"]
[WhiteElo "2405"]
[BlackElo "2157"]
[Result "1-0"]
[Round "4"]
[TimeControl "180+2"]
[Date "2023.06.13"]
[WhiteClock "0:00:54"]
[BlackClock "0:00:02"]
[Board "69"]

1. d4 e6 2. c4 Nf6 3. Nf3 b6 4. g3 Bb7 5. Bg2 Be7 6. O-O O-O 7. Re1 a5 8. Nc3 Ne4 9. Qc2 Nxc3 10. bxc3 f5 11. d5 Na6 12. Nd4 Nc5 13. Ba3 Rf6 14. Rad1 Qf8 15. Nb5 c6 16. d6 Bd8 17. Bxc5 bxc5 18. Qb2 Ba6 19. Nc7 Bxc7 20. dxc7 Qc8 21. Qb6 Bxc4 22. Bxc6 e5 23. Bxd7 Rxb6 24. Bxc8 Rxc8 25. Rd8+ Kf7 26. Rxc8 Rc6 27. a3 Be6 28. Ra8 Rxc7 29. Rxa5 Kf6 30. a4 c4 31. Rd1 1-0


[Site "https://www.chess.com"]

[Event "Titled Tuesday Blitz June 13 Late 2023"]
[White "Gil Alba, Hector Luis"]
[Black "Sun, Rick"]
[WhiteFideId "3504670"]
[BlackFideId "30909481"]
[WhiteElo "2331"]
[BlackElo "2169"]
[Result "1-0"]
[Round "4"]
[TimeControl "180+2"]
[Date "2023.06.13"]
[WhiteClock "0:01:13"]
[BlackClock "0:00:20"]
[Board "70"]

1. e4 d6 2. d4 Nf6 3. Nc3 Nbd7 4. f4 e5 5. Nf3 exd4 6. Qxd4 c6 7. e5 dxe5 8. fxe5 Bc5 9. Qh4 Qe7 10. Bf4 Nb6 11. O-O-O Nfd5 12. Bg5 Qe6 13. Ne4 Bb4 14. c4 Ne7 15. Nd6+ Kf8 16. Bd3 Ng6 17. Bxg6 Qxg6 18. Be7+ Kg8 19. Nxc8 Rxc8 20. Bxb4 h6 21. Bc3 Kh7 22. Rhe1 Qe6 23. Ng5+ 1-0


[Site "https://www.chess.com"]

[Event "Titled Tuesday Blitz June 13 Late 2023"]
[White "Pein, Jonathan"]
[Black "Goryachkina, Aleksandra"]
[WhiteFideId "417092"]
[BlackFideId "4147103"]
[WhiteElo "2151"]
[BlackElo "2471"]
[Result "0-1"]
[Round "4"]
[TimeControl "180+2"]
[Date "2023.06.13"]
[WhiteClock "0:00:02"]
[BlackClock "0:00:06"]
[Board "71"]

1. e4 c6 2. b3 d5 3. Bb2 dxe4 4. Nc3 Nf6 5. Nge2 Bf5 6. Ng3 Bg6 7. h4 h6 8. Qe2 Nbd7 9. h5 Bh7 10. Ngxe4 Nxe4 11. Nxe4 Bxe4 12. Qxe4 Nf6 13. Qe2 e6 14. O-O-O a5 15. a4 Be7 16. g4 Qd7 17. Bg2 Bd6 18. Kb1 O-O-O 19. g5 Ne8 20. g6 f6 21. Bh3 Nc7 22. Qe3 Kb8 23. Qb6 Bb4 24. Rhe1 Rhe8 25. c3 Nd5 26. Qd4 Bd6 27. Qg4 Nf4 28. Bf1 Bc7 29. d4 Qd5 30. Bc4 Qg5 31. Qf3 e5 32. Bc1 Qxh5 33. Qxh5 Nxh5 34. dxe5 Bxe5 35. Rxd8+ Rxd8 36. Kc2 Kc7 37. Ba3 Nf4 38. b4 axb4 39. cxb4 Rd7 40. b5 Nxg6 41. Bc5 Bd4 42. b6+ Kd8 43. Bxd4 Rxd4 44. Bd3 Ne5 45. Be2 Rxa4 46. Rg1 g5 47. Rh1 Rb4 48. Rxh6 Nd7 49. Rh8+ Ke7 50. Rh7+ Kd6 51. Bg4 Nc5 52. Bc8 Rxb6 53. Rf7 Ke5 54. Re7+ Kf4 55. Rf7 Ne4 56. Bxb7 c5 57. Bxe4 Kxe4 58. Kc3 Kf3 59. Kc4 Kxf2 60. Kxc5 Ra6 61. Kd4 g4 62. Ke4 g3 63. Rb7 g2 64. Rb2+ Kg3 65. Rb3+ Kh2 66. Rb2 Ra3 67. Kf4 Ra4+ 68. Kf3 Ra3+ 69. Kg4 Ra1 70. Kf3 Rf1+ 71. Kg4 Kh1 72. Rb1 Rxb1 73. Kh3 Rb3+ 74. Kh4 g1=Q 0-1


[Site "https://www.chess.com"]

[Event "Titled Tuesday Blitz June 13 Late 2023"]
[White "Van Foreest, Machteld"]
[Black "Sieciechowicz, Marcin"]
[WhiteFideId "1051563"]
[BlackFideId "1130170"]
[WhiteElo "2018"]
[BlackElo "2301"]
[Result "1-0"]
[Round "4"]
[TimeControl "180+2"]
[Date "2023.06.13"]
[WhiteClock "0:01:39"]
[BlackClock "0:00:39"]
[Board "72"]

1. e4 e6 2. Qe2 c5 3. Nf3 Nc6 4. g3 g6 5. d3 Bg7 6. Bg2 Nge7 7. O-O O-O 8. h4 d5 9. c3 b5 10. Be3 Qb6 11. b4 d4 12. bxc5 Qxc5 13. cxd4 Nxd4 14. Nxd4 Bxd4 15. Bxd4 Qxd4 16. Nd2 Bb7 17. Nb3 Qb6 18. Rac1 Rac8 19. d4 Rfd8 20. Rfd1 Nc6 21. Qe3 e5 22. d5 Qxe3 23. fxe3 Nb4 24. Nc5 Nxa2 25. Nxb7 Rxc1 26. Rxc1 Nxc1 27. Nxd8 b4 28. d6 b3 29. d7 b2 30. Ne6 b1=Q 31. d8=Q# 1-0


[Site "https://www.chess.com"]

[Event "Titled Tuesday Blitz June 13 Late 2023"]
[White "Annaberdiyev, Meylis"]
[Black "Kabilov, Amin"]
[WhiteFideId "14000563"]
[BlackFideId "14700859"]
[WhiteElo "2416"]
[BlackElo "2110"]
[Result "1-0"]
[Round "4"]
[TimeControl "180+2"]
[Date "2023.06.13"]
[WhiteClock "0:00:49"]
[BlackClock "0:00:34"]
[Board "73"]

1. e4 c5 2. Nf3 d6 3. d4 cxd4 4. Qxd4 Bd7 5. Bc4 Nc6 6. Qd3 Nf6 7. Nc3 Rc8 8. Bb3 g6 9. Bg5 Bg7 10. O-O-O Qa5 11. Kb1 Be6 12. Nd5 Nb4 13. Nxb4 Qxb4 14. Bxf6 Bxf6 15. e5 Bg7 16. Bxe6 fxe6 17. Qb3 Qxb3 18. axb3 d5 19. Nd4 Kd7 20. f4 Rhf8 21. Rhf1 g5 22. f5 Bxe5 23. Nxe6 Rxf5 24. Rxf5 Kxe6 25. Rxg5 Rf8 26. Rh5 Rf2 27. Re1 1-0


[Site "https://www.chess.com"]

[Event "Titled Tuesday Blitz June 13 Late 2023"]
[White "Prydun, Andriy"]
[Black "Gomez Ledo, Roberto Carlos"]
[WhiteFideId "14145898"]
[BlackFideId "3507076"]
[WhiteElo "2164"]
[BlackElo "2378"]
[Result "1/2-1/2"]
[Round "4"]
[TimeControl "180+2"]
[Date "2023.06.13"]
[WhiteClock "0:00:06"]
[BlackClock "0:00:11"]
[Board "74"]

1. e4 d6 2. d4 Nf6 3. Nc3 e5 4. Nge2 Be7 5. f3 h5 6. Be3 c6 7. Qd2 b5 8. a4 b4 9. Na2 a5 10. dxe5 dxe5 11. Qxd8+ Bxd8 12. Nac1 Nfd7 13. Nb3 Bb6 14. Kf2 Bxe3+ 15. Kxe3 Nb6 16. Nec1 Be6 17. Nc5 Ke7 18. Be2 N8d7 19. Nxe6 Kxe6 20. Rd1 Nc5 21. b3 Rad8 22. Nd3 Nxd3 23. Bxd3 Rd4 24. Be2 Rhd8 25. Rxd4 Rxd4 26. Rc1 Kd6 27. h4 g6 28. g4 Nd7 29. gxh5 gxh5 30. Rg1 Nc5 31. Rg5 Ne6 32. Rxh5 Nf4 33. Rh6+ Kc5 34. Rf6 Ng2+ 35. Kf2 Nxh4 36. Bd3 Ng6 37. Rxf7 Nf4 38. Ke3 Rd8 39. Rf5 Re8 40. Rf7 Rh8 41. Rf5 Re8 42. Rg5 Kd6 43. Rf5 Rh8 44. Rf6+ Kc5 45. Rf5 Kd6 46. Rf6+ Kc5 47. Rf5 1/2-1/2


[Site "https://www.chess.com"]

[Event "Titled Tuesday Blitz June 13 Late 2023"]
[White "Rodriguez, Santiago"]
[Black "Spata, German"]
[WhiteFideId "3000591"]
[BlackFideId "113026"]
[WhiteElo "2249"]
[BlackElo "2260"]
[Result "1-0"]
[Round "4"]
[TimeControl "180+2"]
[Date "2023.06.13"]
[WhiteClock "0:00:03"]
[BlackClock "0:00:00"]
[Board "75"]

1. d4 d5 2. Nc3 e6 3. Bf4 Bd6 4. e3 a6 5. Nf3 Nf6 6. Bd3 O-O 7. Ne5 c5 8. dxc5 Bxc5 9. Qf3 Nc6 10. O-O-O Bd6 11. Nxc6 bxc6 12. Bxd6 Qxd6 13. e4 Rb8 14. Qg3 Qb4 15. b3 Bd7 16. e5 Nh5 17. Qf3 Qf4+ 18. Qxf4 Nxf4 19. g3 Nxd3+ 20. Rxd3 c5 21. f4 Bb5 22. Rd2 g6 23. h4 h5 24. Re1 Bc6 25. Kb2 a5 26. Rd3 Rb4 27. Nd1 Rfb8 28. Rc3 c4 29. Ne3 a4 30. Rd1 Be8 31. Rd4 Kf8 32. a3 R4b7 33. b4 Bb5 34. Ng2 Ke7 35. Ne1 Rc7 36. Nf3 Rcb7 37. Re3 Rc8 38. Kc3 Rcb8 39. Rd1 Rc8 40. Nd4 Rcb8 41. Rg1 Rh8 42. Rge1 Bd7 43. R3e2 Rbb8 44. Rf2 Rb7 45. Rh1 Bb5 46. Rg2 Bd7 47. Rf2 Bb5 48. Ne2 Bd7 49. Kd4 Rc8 50. Nc3 Bb5 51. Rg2 Bd7 52. Rf2 Bb5 53. Re1 Bd7 54. Nb1 c3 55. Re3 Rc4+ 56. Kd3 Bb5 57. Nxc3 1-0


[Site "https://www.chess.com"]

[Event "Titled Tuesday Blitz June 13 Late 2023"]
[White "FuenfgegenWilly"]
[Black "ArtemDyachuk"]
[WhiteElo "2401"]
[BlackElo "2633"]
[Result "1-0"]
[Round "4"]
[TimeControl "180+2"]
[Date "2023.06.13"]
[WhiteClock "0:00:46"]
[BlackClock "0:00:00"]
[Board "76"]

1. d4 d5 2. c4 c6 3. Nf3 Nf6 4. e3 e6 5. Nc3 Bd6 6. Be2 dxc4 7. Bxc4 b5 8. Bd3 Nbd7 9. e4 e5 10. d5 cxd5 11. Nxd5 Nxd5 12. exd5 O-O 13. O-O Rb8 14. Re1 a6 15. Bd2 Nc5 16. Bc2 Bg4 17. h3 Bh5 18. g4 Bg6 19. Nxe5 Bxe5 20. Rxe5 Bxc2 21. Qxc2 Rc8 22. Qf5 g6 23. Qf3 Nd7 24. Re2 Nb6 25. Bh6 Nc4 26. Bxf8 Qxf8 27. b3 Nd6 28. Rae1 b4 29. Re7 Rc5 30. Rd7 Nc8 31. Qf6 Rc3 32. Rd8 Qxd8 33. Qxd8+ Kg7 34. Re8 Kh6 35. Qxc8 Rd3 36. Re5 Rd1+ 37. Kg2 Kg7 38. Qf8+ 1-0


[Site "https://www.chess.com"]